[Event "Titled Tuesday Blitz June 21 Late 2022"]
[White "Konaplev, Anton"]
[Black "Domingo Nunez, Alejandro"]
[WhiteFideId "24165646"]
[BlackFideId "22245561"]
[WhiteElo "2208"]
[BlackElo "2215"]
[Result "0-1"]
[Round "02"]
[TimeControl "180+1"]
[Date "2022.06.22"]
[WhiteClock "0:00:04"]
[BlackClock "0:00:08"]

1. d4 Nf6 2. c4 g6 3. Nc3 Bg7 4. e4 d6 5. h3 O-O 6. Be3 e5 7. d5 Kh8 8. g4 Ng8 9. h4 f5 10. gxf5 gxf5 11. exf5 Bxf5 12. Nf3 Nd7 13. Be2 a5 14. Qd2 Nc5 15. Rg1 Qf6 16. O-O-O a4 17. Ng5 a3 18. b4 Na4 19. Nge4 Qf7 20. Bd3 Nb2 21. h5 Nxd1 22. Qxd1 Bh6 23. Kb1 Bxe3 24. fxe3 Nh6 25. Ka1 Rg8 26. Rf1 Qe7 27. Qc2 Raf8 28. Rc1 Ng4 29. c5 Nxe3 30. Qd2 Ng2 31. c6 b6 32. Bb1 Nf4 33. Nb5 Rf7 34. h6 Bxe4 35. Bxe4 Qg5 36. Rh1 Qg3 37. Bb1 Qf3 38. Re1 Rg2 39. Qd1 Qxd5 40. Qxd5 Nxd5 41. Rd1 Nxb4 42. Be4 Re2 43. Nc3 Re3 44. Rc1 Rxc3 45. Rxc3 Rf1+ 46. Bb1 e4 47. Rxa3 Nc2+ 48. Kb2 Nxa3 49. Bxe4 Nc4+ 50. Kc3 Ne5 51. Kd4 Ra1 52. Bd5 Ng4 53. Ke4 Nf6+ 0-1


[Site "https://www.chess.com"]

[Event "Titled Tuesday Blitz June 21 Late 2022"]
[White "Kosakowski, Jakub"]
[Black "Krishnan, Varun"]
[WhiteFideId "1185080"]
[BlackFideId "5054508"]
[WhiteElo "2476"]
[BlackElo "2578"]
[Result "0-1"]
[Round "02"]
[TimeControl "180+1"]
[Date "2022.06.21"]
[WhiteClock "0:00:04"]
[BlackClock "0:00:07"]

1. d4 d5 2. c4 e6 3. Nc3 Be7 4. Nf3 Nf6 5. Bf4 O-O 6. e3 b6 7. cxd5 Nxd5 8. Nxd5 Qxd5 9. a3 c5 10. Rc1 Bb7 11. Bc4 Qh5 12. Be2 Qg6 13. O-O cxd4 14. exd4 Nc6 15. Bg3 Rfd8 16. Qa4 Qe4 17. Qc2 Nxd4 18. Qxe4 Bxe4 19. Nxd4 Rxd4 20. Rc7 Bf6 21. Rfc1 h6 22. Bh5 g6 23. Bd1 Rd2 24. b4 Bb2 25. Rc8+ Rxc8 26. Rxc8+ Kg7 27. Bf3 Bxf3 28. gxf3 Rd3 29. Rc2 Bf6 30. a4 Rxf3 31. Rc7 a5 32. b5 Ra3 33. Rc4 Ra1+ 34. Kg2 Rb1 35. Bd6 Rb3 36. Rc6 Bd4 37. Rc4 e5 38. f4 Rc3 39. Rxc3 Bxc3 40. fxe5 Bb4 41. Bc7 Bc5 42. Kf3 Kf8 43. Ke4 Ke7 44. Kd5 Kd7 45. Bb8 g5 46. h3 h5 47. Ke4 Ke6 48. Bc7 Bg1 49. Bd8 g4 50. hxg4 hxg4 51. Bh4 Bh2 52. Bf2 g3 53. Bxb6 g2 54. Be3 g1=Q 55. Bxg1 Bxg1 56. Kf4 Bb6 57. Ke4 Bc7 58. Kd4 Bxe5+ 59. Kc5 Bc7 60. b6 Bb8 61. Kb5 f5 62. Kxa5 f4 63. Ka6 f3 64. Kb7 Bf4 65. a5 f2 66. a6 f1=Q 67. a7 Qg2+ 68. Ka6 Qc6 69. Ka5 Qb7 70. Kb5 Be3 0-1


[Site "https://www.chess.com"]

[Event "Titled Tuesday Blitz June 21 Late 2022"]
[White "Kovacevic, Radmila"]
[Black "Jian, Alex"]
[WhiteFideId "933171"]
[BlackFideId "30901022"]
[WhiteElo "2115"]
[BlackElo "2111"]
[Result "1-0"]
[Round "02"]
[TimeControl "180+1"]
[Date "2022.06.22"]
[WhiteClock "0:00:14"]
[BlackClock "0:00:10"]

1. e4 e5 2. d4 Nc6 3. d5 Nce7 4. f4 exf4 5. Bxf4 Ng6 6. Bg3 Bc5 7. Nf3 d6 8. Bb5+ Bd7 9. Qd3 Nf6 10. Nbd2 O-O 11. h4 Nh5 12. Bxd7 Nxg3 13. Rh3 Nf4 14. Qc3 Nge2 15. Qc4 Qxd7 16. Rh1 Qg4 17. Rf1 Qg3+ 18. Kd1 b5 19. Qb3 a5 20. Ne1 Qg4 21. Qf3 Qxf3 22. Rxf3 Bd4 23. c3 Be5 24. g3 Rfe8 25. gxf4 Nxf4 26. Nd3 Nxd3 27. Rxd3 Rab8 28. Kc2 b4 29. c4 a4 30. Rf1 Bf6 31. Rxf6 gxf6 32. Rf3 Kg7 33. Rg3+ Kf8 34. Rf3 Re5 35. Rxf6 Rh5 36. Rf4 Re8 37. b3 axb3+ 38. Kxb3 Rb8 39. Nf3 Rh6 40. e5 dxe5 41. Nxe5 Ke8 42. Nc6 Ra8 43. Nxb4 Rg6 44. Re4+ Kd7 45. Kc3 Rg3+ 46. Kd4 Ra4 47. Nc6 Raa3 48. Ne5+ Kc8 49. Rf4 Rh3 50. Rxf7 Kb7 51. d6 Rxa2 52. Rxc7+ Kb8 53. Rxh7 Rd2+ 54. Kc5 Re3 55. Nc6+ Kc8 56. Rh8+ Kd7 57. Rd8+ Ke6 58. Re8+ Kf7 59. Rxe3 Rh2 60. Re7+ Kf8 61. Re4 Rd2 62. d7 Rd1 63. d8=Q+ Rxd8 64. Nxd8 Kg7 65. Ne6+ Kh6 66. Re5 Kg6 67. Kd5 Kh6 68. c5 Kh7 69. c6 Kh6 70. c7 Kh7 71. c8=Q Kh6 72. Qh8+ Kg6 73. Qg7# 1-0


[Site "https://www.chess.com"]

[Event "Titled Tuesday Blitz June 21 Late 2022"]
[White "Koziorowicz, Michal"]
[Black "Makarian, Rudik"]
[WhiteFideId "21809194"]
[BlackFideId "44105681"]
[WhiteElo "2202"]
[BlackElo "2398"]
[Result "0-1"]
[Round "02"]
[TimeControl "180+1"]
[Date "2022.06.22"]
[WhiteClock "0:01:40"]
[BlackClock "0:01:33"]

1. e4 c5 2. Nf3 e6 3. g3 Nc6 4. Bg2 Nf6 5. Nc3 d6 6. O-O Bd7 7. d3 Be7 8. Ne1 O-O 9. f4 Rb8 10. g4 Ne8 11. g5 b5 12. h4 Nd4 13. Qd2 f5 14. Nd1 e5 15. c3 Ne6 16. fxe5 fxe4 17. Rxf8+ Bxf8 18. Bxe4 dxe5 19. Nf3 Nd6 20. Nxe5 Nxe4 21. dxe4 Be8 22. Qxd8 Rxd8 23. Nf2 Bd6 24. Nf3 Bh5 25. Ne1 Bg3 26. Be3 Bxh4 27. Nh3 Bg4 28. Ng2 Bg3 29. Nf2 Bf3 30. a4 Rb8 31. axb5 Rxb5 32. Rxa7 Rxb2 33. Re7 Rb1+ 34. Bc1 Rxc1+ 35. Nd1 Rxd1+ 36. Ne1 Rxe1# 0-1


[Site "https://www.chess.com"]

[Event "Titled Tuesday Blitz June 21 Late 2022"]
[White "Kupervaser, Erez"]
[Black "Semenenko, Dmytry"]
[WhiteFideId "2814587"]
[BlackFideId "14118645"]
[WhiteElo "1832"]
[BlackElo "2113"]
[Result "0-1"]
[Round "02"]
[TimeControl "180+1"]
[Date "2022.06.22"]
[WhiteClock "0:00:27"]
[BlackClock "0:01:50"]

1. e4 Nf6 2. e5 Nd5 3. d4 d6 4. c4 Nb6 5. f4 dxe5 6. fxe5 Nc6 7. Be3 Bf5 8. Nc3 e6 9. Be2 Nb4 10. Rc1 c5 11. Nf3 cxd4 12. Nxd4 Bg6 13. O-O Bc5 14. Kh1 Rc8 15. a3 Nc6 16. Nxc6 Rxc6 17. Bxc5 Rxc5 18. b4 Qxd1 19. Rfxd1 Rxe5 20. c5 Nd5 21. Nxd5 Rxe2 22. Nc7+ Ke7 23. Nb5 a6 24. Nd6 Rb8 25. Rd4 Ra2 26. Rcd1 Rxa3 27. Nc4 Rb3 28. h4 Rxb4 29. Rd7+ Kf8 30. Ne5 Re4 31. c6 bxc6 32. Nxc6 Re8 33. Rd8 f5 34. Rxe8+ Bxe8 0-1


[Site "https://www.chess.com"]

[Event "Titled Tuesday Blitz June 21 Late 2022"]
[White "Lamaze, Simon"]
[Black "Novikova, Galina"]
[WhiteFideId "36069264"]
[BlackFideId "4157095"]
[WhiteElo "2090"]
[BlackElo "1863"]
[Result "1-0"]
[Round "02"]
[TimeControl "180+1"]
[Date "2022.06.22"]
[WhiteClock "0:00:58"]
[BlackClock "0:00:35"]

1. e4 e6 2. d4 d5 3. Nc3 Bb4 4. e5 c5 5. a3 Bxc3+ 6. bxc3 Ne7 7. Qg4 Kf8 8. a4 Qa5 9. Ne2 Nbc6 10. Bd2 Qc7 11. h4 b6 12. h5 h6 13. Rh3 Na5 14. Nf4 Nc4 15. Bc1 cxd4 16. cxd4 Nf5 17. Bd3 Nxd4 18. Rg3 Rg8 19. Ng6+ fxg6 20. Qxd4 Qxe5+ 21. Qxe5 Nxe5 22. Ba3+ Ke8 23. Be2 g5 24. Re3 Nf7 25. Rd1 Kd8 26. c4 Bd7 27. cxd5 e5 28. d6 Bxa4 29. Rc1 Rc8 30. Rxc8+ Kxc8 31. Bc4 Be8 32. Be6+ Kd8 33. Rc3 Bd7 34. Bxf7 Rf8 35. Bg6 a5 36. Rc7 b5 37. Bc5 b4 38. Bb6 Bf5 39. Rf7+ Kc8 40. Rxf8+ Kb7 41. Bxf5 Kxb6 42. d7 1-0


[Site "https://www.chess.com"]

[Event "Titled Tuesday Blitz June 21 Late 2022"]
[White "Livaic, Leon"]
[Black "Papp, Levente"]
[WhiteFideId "14531534"]
[BlackFideId "751243"]
[WhiteElo "2540"]
[BlackElo "2308"]
[Result "1-0"]
[Round "02"]
[TimeControl "180+1"]
[Date "2022.06.21"]
[WhiteClock "0:00:13"]
[BlackClock "0:00:03"]

1. e4 e6 2. d3 d5 3. Nd2 Nf6 4. Ngf3 Bc5 5. e5 Nfd7 6. d4 Bb6 7. c4 c5 8. cxd5 exd5 9. Bd3 Nc6 10. O-O c4 11. Bc2 Nf8 12. Nb1 Ne6 13. Be3 O-O 14. h3 f6 15. exf6 Qxf6 16. Nc3 Nexd4 17. Nxd4 Bxd4 18. Qh5 g6 19. Qxd5+ Be6 20. Qb5 Bxe3 21. fxe3 Qe5 22. Qxe5 Nxe5 23. Be4 Rxf1+ 24. Rxf1 Rd8 25. Rf6 Bf7 26. Bxb7 Rb8 27. Bd5 Bxd5 28. Nxd5 Rxb2 29. Re6 Nf7 30. Ra6 Rb7 31. Kf2 Kg7 32. e4 Rb2+ 33. Kg3 Rb7 34. Kf4 Rb2 35. e5 Rf2+ 36. Ke3 Rf5 37. Rxa7 Rxe5+ 38. Kd4 Re2 39. g4 Rh2 40. Nf4 g5 41. Nh5+ Kf8 42. Kxc4 Rxh3 43. Kd5 Rd3+ 44. Ke4 Rd6 45. Ng3 Rb6 46. Nf5 Nd6+ 47. Nxd6 Rxd6 48. Rxh7 Ra6 49. Rh2 Ra5 50. Rg2 Kf7 51. Kd4 Ke6 52. Kc4 Ke5 53. Kb4 Ra8 54. a4 Kf4 55. a5 Kf3 56. Rg1 Kf2 57. Rc1 Kg3 58. Rc4 Rb8+ 59. Ka4 Kf3 60. a6 Ke3 61. Ka5 Kd3 62. Rb4 Ra8 63. Rb5 Kc4 64. Rxg5 Ra7 1-0


[Site "https://www.chess.com"]

[Event "Titled Tuesday Blitz June 21 Late 2022"]
[White "Lobanov, Sergei"]
[Black "Ambartsumova, Karina"]
[WhiteFideId "24183750"]
[BlackFideId "4166299"]
[WhiteElo "2524"]
[BlackElo "2262"]
[Result "1-0"]
[Round "02"]
[TimeControl "180+1"]
[Date "2022.06.21"]
[WhiteClock "0:00:36"]
[BlackClock "0:00:29"]

1. e4 e5 2. Nf3 Nc6 3. Bb5 a6 4. Ba4 Nf6 5. O-O Be7 6. d3 d6 7. c3 O-O 8. Re1 b5 9. Bc2 Na5 10. a4 Bg4 11. h3 Bh5 12. b4 Nb7 13. Nbd2 c5 14. Rb1 Qd7 15. Nf1 Rac8 16. axb5 axb5 17. Bb3 c4 18. dxc4 bxc4 19. Ba4 Qc7 20. Ng3 Bg6 21. Nh4 Rfd8 22. Nhf5 d5 23. exd5 Nxd5 24. Qf3 Bf6 25. Ne4 Ra8 26. Bc2 Ra2 27. Rb2 Rxb2 28. Bxb2 Kh8 29. h4 Bxf5 30. Qxf5 g6 31. Qf3 Bg7 32. Ng5 Qe7 33. Nxf7+ Kg8 34. Nxd8 Qxd8 35. Rd1 1-0


[Site "https://www.chess.com"]

[Event "Titled Tuesday Blitz June 21 Late 2022"]
[White "Lopez Perdomo, Juan David"]
[Black "Vujic, Mihailo"]
[WhiteFideId "4405137"]
[BlackFideId "918873"]
[WhiteElo "1997"]
[BlackElo "2256"]
[Result "0-1"]
[Round "02"]
[TimeControl "180+1"]
[Date "2022.06.22"]
[WhiteClock "0:02:02"]
[BlackClock "0:01:23"]

1. e4 e5 2. Nf3 Nc6 3. Bb5 f5 4. d4 fxe4 5. Nxe5 Nxe5 6. dxe5 c6 7. Be2 Qa5+ 8. Nc3 Qxe5 9. O-O Nf6 10. f4 Bc5+ 11. Kh1 Qe7 12. g4 h5 13. g5 Ng4 14. Bxg4 hxg4 15. Qxg4 d5 16. Qg3 Rh3 17. Qg2 Bf5 18. Ne2 e3 19. Ng3 Rxg3 20. Qxg3 Be4+ 21. Rf3 O-O-O 22. b4 Bd4 23. Rb1 Bxc2 24. Bb2 Bxb1 25. Bxd4 Be4 26. Bxa7 Bxf3+ 27. Qxf3 e2 28. Qg4+ Rd7 29. Bf2 e1=Q+ 30. Bxe1 Qxe1+ 31. Kg2 Qe4+ 0-1


[Site "https://www.chess.com"]

[Event "Titled Tuesday Blitz June 21 Late 2022"]
[White "Mahdavi, Reza"]
[Black "Veiga, Jose Francisco R P Neves"]
[WhiteFideId "12595926"]
[BlackFideId "1930087"]
[WhiteElo "2265"]
[BlackElo "2326"]
[Result "1-0"]
[Round "02"]
[TimeControl "180+1"]
[Date "2022.06.22"]
[WhiteClock "0:00:31"]
[BlackClock "0:00:14"]

1. e4 g6 2. d4 Bg7 3. Nc3 d5 4. exd5 Nf6 5. Nf3 O-O 6. Bc4 Nbd7 7. Bg5 Nb6 8. Bxf6 Bxf6 9. Bb3 Bg4 10. h3 Bxf3 11. Qxf3 Bxd4 12. O-O-O Bg7 13. h4 a5 14. a3 a4 15. Ba2 h5 16. g4 hxg4 17. Qxg4 Qd7 18. Qg3 Qd6 19. Qd3 Qf4+ 20. Kb1 Qf5 21. Qd2 Qh5 22. Rdg1 Rad8 23. Rg5 Qf3 24. Rhg1 Rd6 25. h5 Bh6 26. hxg6 f6 27. g7 Rfd8 28. Rh5 Bxd2 29. Rh8+ Kf7 30. g8=Q+ Rxg8 31. Rhxg8 Bg5 32. Rh8 Qxf2 33. Rgh1 Kg6 34. Ne4 Qf4 35. Nxd6 cxd6 36. Ka1 Nc4 37. Bb1 Qd4 38. c3+ 1-0


[Site "https://www.chess.com"]

[Event "Titled Tuesday Blitz June 21 Late 2022"]
[White "Maltsevskaya, Aleksandra"]
[Black "Bortnyk, Olexandr"]
[WhiteFideId "24174041"]
[BlackFideId "14120828"]
[WhiteElo "2243"]
[BlackElo "2723"]
[Result "1/2-1/2"]
[Round "02"]
[TimeControl "180+1"]
[Date "2022.06.21"]
[WhiteClock "0:00:05"]
[BlackClock "0:00:04"]

1. e4 d6 2. d4 Nf6 3. Nc3 Nbd7 4. Nf3 e5 5. Bc4 Be7 6. O-O c6 7. a4 h6 8. Re1 Qc7 9. a5 g5 10. dxe5 dxe5 11. Be3 Nf8 12. Nxe5 Qxe5 13. Bd4 Qf4 14. e5 Ng4 15. g3 Nxf2 16. gxf4 Nxd1 17. Raxd1 gxf4 18. Kh1 Be6 19. Bxe6 Nxe6 20. Ne4 O-O 21. Bc3 Rfd8 22. Nd6 b6 23. Rg1+ Kf8 24. axb6 axb6 25. Nf5 Bc5 26. Rgf1 h5 27. Kg2 b5 28. b4 Be7 29. Rxd8+ Bxd8 30. Ra1 Rxa1 31. Bxa1 Bb6 32. Kf3 Bg1 33. h4 Bb6 34. Bc3 Bd8 35. Bd2 Ng7 36. Nd4 Bxh4 37. Bxf4 Ne6 38. Nxc6 Be1 39. Na7 Nd4+ 40. Ke4 Nxc2 41. Nxb5 Bxb4 42. Kf5 Be7 43. e6 fxe6+ 44. Kxe6 Bd8 45. Kf5 Kg7 46. Be5+ Kh7 47. Bf4 Kg7 48. Be5+ Kh7 49. Bf4 Be7 50. Ke6 Bh4 51. Kf5 Bd8 52. Ke6 Kg6 53. Ke5 h4 54. Ke4 h3 55. Kf3 Kf5 56. Nd6+ Ke6 57. Kg4 Kd5 58. Kxh3 Nd4 59. Kg4 Ne6 60. Nf5 Nc5 61. Ne3+ Ke4 62. Ng2 Nd3 63. Kg3 Ba5 64. Bh6 Bc7+ 65. Kg4 Nf2+ 66. Kh5 Kf3 67. Nh4+ Ke4 68. Kg6 Ng4 69. Nf5 Ne5+ 70. Kf6 Bd8+ 71. Ke6 Nc6 72. Bg7 Bg5 73. Nd6+ Kf4 74. Nf7 Bh4 75. Bf6 Be1 76. Bg5+ Ke4 77. Nd6+ Kd3 78. Bf6 Bg3 79. Kd5 Nb4+ 80. Ke6 Nc2 81. Nf5 Bc7 82. Be5 Ba5 83. Nd6 Ne3 84. Bf6 Ng4 85. Be7 Kd4 86. Kd7 Kd5 87. Nf7 Bb6 88. Bd6 Nf6+ 89. Ke7 Ne4 90. Kd7 Bd4 91. Be7 Bg7 92. Nd6 Nc5+ 93. Kc7 Be5 94. Kb6 Nd7+ 95. Kc7 Ke6 96. Bd8 Bxd6+ 97. Kb7 Nc5+ 98. Kc6 Ne4 99. Bb6 Nf6 100. Be3 Nd5 101. Bd4 Ne7+ 102. Kb5 Kd5 103. Bg1 Nc6 104. Kb6 Ne5 105. Kb7 Nf3 106. Bf2 Ng5 107. Bh4 Ne6 108. Bf2 Bb4 109. Bg1 Ba5 110. Bb6 Bb4 111. Bf2 Nd8+ 112. Kc8 Nc6 113. Kd7 Bd6 114. Bg1 Ne5+ 115. Kc8 Kc6 116. Kd8 Nf3 117. Bf2 Ng5 118. Ke8 Kd5 119. Bh4 Ne4 120. Kf7 Nc5 121. Be1 Nd3 122. Bd2 Ne5+ 123. Ke8 Ke6 124. Kd8 Nc4 125. Be1 Bf4 126. Kc8 Nd6+ 127. Kc7 Kd5 128. Kd7 Ne4 129. Ke7 Bg5+ 130. Kf7 Ke5 131. Kg6 Be7 132. Ba5 Ke6 133. Be1 Bd6 134. Kh5 Nf6+ 135. Kg6 Ng4 136. Bh4 Ne5+ 137. Kg7 Kf5 138. Kg8 Ng6 139. Be1 Be5 140. Kf7 Bf6 141. Ke8 Ke6 142. Bd2 Ne7 143. Be1 Nf5 144. Kf8 Be7+ 145. Kg8 Kf6 146. Bc3+ Kg6 1/2-1/2


[Site "https://www.chess.com"]

[Event "Titled Tuesday Blitz June 21 Late 2022"]
[White "Manukyan, Sargis A."]
[Black "Kravtsiv, Martyn"]
[WhiteFideId "13303970"]
[BlackFideId "14113147"]
[WhiteElo "2187"]
[BlackElo "2694"]
[Result "0-1"]
[Round "02"]
[TimeControl "180+1"]
[Date "2022.06.21"]
[WhiteClock "0:00:34"]
[BlackClock "0:01:34"]

1. d4 d5 2. Nf3 e6 3. g3 b6 4. Bg2 Bb7 5. O-O Bd6 6. Bg5 Ne7 7. Nbd2 h6 8. Bxe7 Qxe7 9. c4 O-O 10. Rc1 Nd7 11. a3 c5 12. Qa4 Rfd8 13. Rfd1 cxd4 14. Nxd4 Nc5 15. Qc2 Be5 16. N2f3 Bf6 17. cxd5 Bxd5 18. b4 Be4 19. Qa2 Na4 20. Qb3 Qe8 21. e3 Rac8 22. h4 Bd5 23. Qb1 Nc3 24. Rxc3 Rxc3 25. Qb2 Rdc8 26. b5 Qf8 27. a4 Qa3 28. Qe2 Qxa4 29. e4 Qxd1+ 30. Qxd1 Rc1 31. Qxc1 Rxc1+ 32. Kh2 Bxe4 33. Nc6 Bxc6 34. Nd4 Bxg2 0-1


[Site "https://www.chess.com"]

[Event "Titled Tuesday Blitz June 21 Late 2022"]
[White "Martynenko, Ivan"]
[Black "Koc, Przemyslaw"]
[WhiteFideId "2053179"]
[BlackFideId "1109081"]
[WhiteElo "2166"]
[BlackElo "2134"]
[Result "0-1"]
[Round "02"]
[TimeControl "180+1"]
[Date "2022.06.22"]
[WhiteClock "0:01:43"]
[BlackClock "0:02:06"]

1. e4 e5 2. Nf3 Nf6 3. Nc3 Nc6 4. d3 d5 5. exd5 Nxd5 6. Bd2 Be7 7. Be2 O-O 8. O-O Be6 9. a3 h6 10. b4 a6 11. Rb1 b5 12. Ne4 f5 13. Ng3 g5 14. c4 Nf4 15. cxb5 axb5 16. d4 e4 17. Bxb5 Nxb4 18. Bxb4 Bxb4 19. axb4 exf3 20. Qxf3 Bd5 21. Qd3 Bxg2 0-1


[Site "https://www.chess.com"]

[Event "Titled Tuesday Blitz June 21 Late 2022"]
[White "Melaugh, Shane"]
[Black "Khabinets, Ivan"]
[WhiteFideId "2509580"]
[BlackFideId "14115980"]
[WhiteElo "1972"]
[BlackElo "2114"]
[Result "0-1"]
[Round "02"]
[TimeControl "180+1"]
[Date "2022.06.22"]
[WhiteClock "0:00:18"]
[BlackClock "0:00:58"]

1. c4 e5 2. Nc3 Nf6 3. Nf3 Nc6 4. e4 Bc5 5. Nxe5 Nxe5 6. d4 Bb4 7. dxe5 Nxe4 8. Qf3 Nxc3 9. bxc3 Bc5 10. Qg3 Kf8 11. Be2 d6 12. O-O dxe5 13. Qxe5 Qe7 14. Qd5 c6 15. Qd3 f6 16. Bf4 Kf7 17. Rfe1 Qd7 18. Qe4 Qf5 19. Qf3 Be6 20. Rab1 b6 21. g4 Qg6 22. Bd3 Qxg4+ 23. Qxg4 Bxg4 24. Be4 Rac8 25. Kg2 Rhe8 26. f3 Be6 27. Rbd1 f5 28. Bd3 Rcd8 29. Be5 Rd7 30. f4 g6 31. Be2 Red8 32. Kf3 Rxd1 33. Bxd1 Bxc4 34. Bb3 Bxb3 35. axb3 Rd3+ 36. Kg2 Rd2+ 37. Kg3 Bf2+ 0-1


[Site "https://www.chess.com"]

[Event "Titled Tuesday Blitz June 21 Late 2022"]
[White "Melikhov, Evgeny V."]
[Black "Shuvalova, Polina"]
[WhiteFideId "4122046"]
[BlackFideId "24171760"]
[WhiteElo "1904"]
[BlackElo "2330"]
[Result "1-0"]
[Round "02"]
[TimeControl "180+1"]
[Date "2022.06.22"]
[WhiteClock "0:00:04"]
[BlackClock "0:00:03"]

1. d4 Nf6 2. c4 e6 3. Nc3 Bb4 4. Qc2 c5 5. dxc5 Bxc5 6. Nf3 Nc6 7. a3 O-O 8. e3 d5 9. cxd5 exd5 10. Nb5 Bb6 11. Nbd4 Nxd4 12. Nxd4 Bxd4 13. exd4 Re8+ 14. Be2 Bg4 15. Be3 Rc8 16. Qd1 Bxe2 17. Qxe2 Qa5+ 18. b4 Qa4 19. O-O Ne4 20. Qg4 b5 21. Rac1 Rc4 22. Qd7 Nf6 23. Qb7 Rxc1 24. Rxc1 Qxa3 25. Qxb5 h6 26. h3 Qb2 27. Rc7 a6 28. Qb7 Qb1+ 29. Kh2 Qg6 30. Rc6 Qf5 31. Qxa6 Ne4 32. Qe2 Qd7 33. b5 Rb8 34. Ra6 Rxb5 35. Ra8+ Kh7 36. Qg4 Qd6+ 37. Bf4 Qf6 38. Be5 Nxf2 39. Qc8 Ne4 40. Bxf6 Nxf6 41. Qf5+ g6 42. Qxf6 1-0


[Site "https://www.chess.com"]

[Event "Titled Tuesday Blitz June 21 Late 2022"]
[White "Mendonca, Leon Luke"]
[Black "Baches Garcia, Guillermo"]
[WhiteFideId "35028561"]
[BlackFideId "2209764"]
[WhiteElo "2152"]
[BlackElo "2467"]
[Result "1-0"]
[Round "02"]
[TimeControl "180+1"]
[Date "2022.06.22"]
[WhiteClock "0:00:10"]
[BlackClock "0:00:05"]

1. g3 g6 2. Bg2 Bg7 3. Nf3 Nf6 4. d4 O-O 5. O-O d6 6. Nc3 Nc6 7. e4 e5 8. h3 exd4 9. Nxd4 Bd7 10. Nde2 Re8 11. g4 Qc8 12. Ng3 Be6 13. Bg5 h6 14. Be3 Nd7 15. Qd2 Kh7 16. f4 Bc4 17. Rf2 Nb6 18. Rd1 a5 19. b3 Ba6 20. f5 Ne5 21. f6 Bf8 22. Nd5 Nxd5 23. exd5 a4 24. Bd4 axb3 25. axb3 c5 26. dxc6 bxc6 27. Ne4 d5 28. Nc5 Bxc5 29. Bxc5 Re6 30. Be3 Qd8 31. Bxh6 Rxf6 32. Be3 Rxf2 33. Qxf2 Qe7 34. Bd4 Re8 35. Kh1 f6 36. Re1 Kg7 37. g5 Bc8 38. Qg3 Qd6 39. gxf6+ Kxf6 40. Qf4+ Bf5 41. b4 Re6 42. c3 Qc7 43. Re3 Qd6 44. Qg3 Qc7 45. Qh4+ Kg7 46. Qf4 Kf6 47. Rg3 Qd6 48. h4 Kf7 49. h5 Ng4 50. Rxg4 Qxf4 51. Rxf4 Re2 52. h6 Kg8 53. Rf2 Kh7 54. Rxe2 1-0


[Site "https://www.chess.com"]

[Event "Titled Tuesday Blitz June 21 Late 2022"]
[White "Mikhalsky, Vladimir"]
[Black "Akrakan"]
[WhiteFideId "14144352"]
[WhiteElo "2301"]
[BlackElo "2145"]
[Result "1-0"]
[Round "02"]
[TimeControl "180+1"]
[Date "2022.06.22"]
[WhiteClock "0:02:26"]
[BlackClock "0:02:20"]

1. d4 d5 2. c4 e6 3. Nf3 f6 4. g3 c6 5. Bg2 Bd6 6. Nc3 Ne7 7. e4 O-O 8. O-O dxc4 9. a4 a6 10. a5 Bb4 11. Qa4 Bxc3 12. bxc3 Bd7 13. Ba3 c5 14. Qxc4 cxd4 15. cxd4 Nbc6 16. d5 exd5 17. exd5 Nxa5 18. Qa2 b6 1-0


[Site "https://www.chess.com"]

[Event "Titled Tuesday Blitz June 21 Late 2022"]
[White "Mortazavi, Ali"]
[Black "Kadric, Denis"]
[WhiteFideId "401323"]
[BlackFideId "14403803"]
[WhiteElo "2339"]
[BlackElo "2657"]
[Result "0-1"]
[Round "02"]
[TimeControl "180+1"]
[Date "2022.06.22"]
[WhiteClock "0:00:02"]
[BlackClock "0:00:10"]

1. Nf3 d6 2. e4 Nf6 3. Nc3 e5 4. d4 Nbd7 5. Bc4 Be7 6. a4 O-O 7. a5 c6 8. O-O exd4 9. Nxd4 Ne5 10. Ba2 Re8 11. h3 Bd7 12. f4 Ng6 13. Qf3 b5 14. Nf5 Bf8 15. b4 d5 16. Ng3 Bxb4 17. e5 Qxa5 18. Nce2 Qb6+ 19. Kh1 Ne4 20. Nxe4 dxe4 21. Qxe4 Bc5 22. Bb2 Be6 23. f5 Bxa2 24. fxg6 Bd5 25. gxf7+ Bxf7 26. Rxf7 Kxf7 27. Qxh7 Re7 28. Nf4 Rf8 29. e6+ Ke8 30. Ng6 Rxe6 31. Qxg7 Qd8 32. Nxf8 Bxf8 33. Qg8 Qe7 34. Rf1 Re1 35. Qg6+ Kd8 36. Qd3+ Kc8 37. Qf5+ Kb7 38. Bd4 Rxf1+ 39. Qxf1 a6 40. Bg1 Qd8 41. Qf2 c5 42. Qf3+ Kb6 43. Qf5 Bd6 44. Qe4 Qc7 45. h4 a5 46. h5 Qf7 47. Qf3 Qe6 48. Be3 Qe5 49. Qh3 a4 50. h6 a3 51. h7 a2 52. h8=Q a1=Q+ 53. Bg1 Qxh8 0-1


[Site "https://www.chess.com"]

[Event "Titled Tuesday Blitz June 21 Late 2022"]
[White "Moussard, Jules"]
[Black "Yurovskykh, Oleksandr"]
[WhiteFideId "642908"]
[BlackFideId "14134020"]
[WhiteElo "2589"]
[BlackElo "2292"]
[Result "1-0"]
[Round "02"]
[TimeControl "180+1"]
[Date "2022.06.21"]
[WhiteClock "0:00:10"]
[BlackClock "0:00:06"]

1. Nf3 d5 2. c4 dxc4 3. e3 Nf6 4. Bxc4 e6 5. d4 c5 6. O-O Nc6 7. Nc3 cxd4 8. exd4 Be7 9. Bf4 O-O 10. Re1 Nb4 11. a3 Nbd5 12. Be5 Nxc3 13. bxc3 b6 14. Bd3 Bb7 15. Bc2 Rc8 16. Qd3 g6 17. Rac1 Qd5 18. Bb1 Qc4 19. Qe3 Ng4 20. Qf4 Bxf3 21. Qxf3 Nxe5 22. Rxe5 Qxd4 23. Ree1 Qa4 24. g3 Bxa3 25. Rcd1 Qc6 26. Be4 Qxc3 27. Re3 Qb2 28. Rxa3 a5 29. Rb3 Qe5 30. Rxb6 Rfd8 31. Rxd8+ Rxd8 32. Rb7 Rf8 33. Kg2 h5 34. Qd3 Qf6 35. h4 Rd8 36. Qe3 Qd4 37. Qf4 Rf8 38. Rb5 a4 39. Ra5 Kg7 40. Rxh5 a3 41. Ra5 Qb2 42. Qe3 a2 43. Qa3 Qxa3 44. Rxa3 Rd8 45. Rxa2 Rd4 46. Bf3 Rb4 47. Ra8 Rb2 48. Ra7 Rd2 49. Be4 Re2 50. Kf3 Rb2 51. Ke3 Kf6 52. g4 Rb3+ 53. Bd3 Rc3 54. f4 Rb3 55. Ra5 Rc3 56. h5 gxh5 57. Rxh5 Rb3 58. g5+ Kg7 59. Rh2 Ra3 60. Rc2 Rb3 61. Rc7 Kg8 62. Kd4 Ra3 63. Rd7 Ra5 64. Ke4 Kf8 65. Kf3 Ra1 66. g6 fxg6 67. Bxg6 Ra4 68. Rf7+ Kg8 69. Re7 Ra6 70. Kg4 Kf8 71. Rf7+ Kg8 72. Kg5 Ra5+ 73. Kh6 Ra1 74. Re7 Rh1+ 75. Bh5 1-0


[Site "https://www.chess.com"]

[Event "Titled Tuesday Blitz June 21 Late 2022"]
[White "Navarrete Mendez, Gonzalo Alberto"]
[Black "Sarkar, Justin"]
[WhiteFideId "5106850"]
[BlackFideId "2010011"]
[WhiteElo "2261"]
[BlackElo "2020"]
[Result "1-0"]
[Round "02"]
[TimeControl "180+1"]
[Date "2022.06.22"]
[WhiteClock "0:02:21"]
[BlackClock "0:01:01"]

1. e4 e5 2. Nf3 Nc6 3. Nc3 Nf6 4. Bb5 Bb4 5. O-O O-O 6. d4 Bxc3 7. bxc3 Nxe4 8. Bd3 d5 9. Nxe5 Nxe5 10. dxe5 Nxc3 11. Qh5 g6 12. Qh6 f5 13. Bg5 Qe8 14. Bf6 Qf7 15. f3 d4 16. Bc4 1-0


[Site "https://www.chess.com"]

[Event "Titled Tuesday Blitz June 21 Late 2022"]
[White "Needleman, Alejandro"]
[Black "Postnikov, Daniil"]
[WhiteFideId "100730"]
[BlackFideId "4166329"]
[WhiteElo "2310"]
[BlackElo "2261"]
[Result "0-1"]
[Round "02"]
[TimeControl "180+1"]
[Date "2022.06.22"]
[WhiteClock "0:01:13"]
[BlackClock "0:00:19"]

1. e4 e6 2. d4 d5 3. exd5 exd5 4. Nf3 Nf6 5. Bd3 c5 6. O-O Nc6 7. Bg5 Be7 8. dxc5 Bxc5 9. Re1+ Be6 10. Nbd2 h6 11. Bh4 O-O 12. Nb3 Be7 13. Nfd4 Bg4 14. f3 Nxd4 15. Nxd4 Bd7 16. c3 Re8 17. Bc2 g6 18. Bb3 Qb6 19. Qd2 Bf8 20. Bf2 Qc7 21. Rxe8 Rxe8 22. Re1 Rxe1+ 23. Bxe1 Kg7 24. Bg3 Bd6 25. Bxd6 Qxd6 26. Nc2 a5 27. Qd4 a4 28. Bxa4 Bxa4 29. Qxa4 Qb6+ 30. Qd4 Qxb2 31. Ne3 Qa1+ 32. Kf2 Qxa2+ 33. Kg3 h5 34. h4 Qa5 35. Kf2 Qa6 36. g4 hxg4 37. fxg4 Kg8 38. Nxd5 Qa2+ 39. Kf3 Qxd5+ 40. Qxd5 Nxd5 41. c4 Nb6 42. c5 Nd7 43. Ke4 Nxc5+ 44. Kd5 Nd7 45. Kd6 Nf6 46. g5 Ne8+ 47. Kc5 Ng7 48. Kb6 Nf5 49. Kxb7 Nxh4 50. Kc6 Nf3 51. Kd5 Nxg5 0-1


[Site "https://www.chess.com"]